 Dungeon Crawl Stone Soup version 0.31-a0-174-g85c54bcb58 (webtiles) character file.

Game seed: 2263452576956723219

398 qw the Shooter (level 6, -7/57 HPs)
             Began as a Naga Hunter on June 15, 2023.
             Mangled by Duvessa
             ... wielding a +0 short sword
              (8 damage)
             ... on level 4 of the Dungeon.
             The game lasted 00:01:01 (2848 turns).

qw the Shooter (Naga Hunter)                        Turns: 2848, Time: 00:01:01

Health: -7/57      AC:  7    Str: 13    XL:     6   Next: 83%
Magic:  6/6        EV:  9    Int: 10    God:
Gold:   130        SH:  0    Dex: 16    Spells: 5/5 levels left

rFire   . . .        Y - +0 shortbow
rCold   . . .        (shield currently unavailable)
rNeg    . . .        c - +0 leather armour
rPois   +            (no helmet)
rElec   .            j - +0 cloak
rCorr   .            i - +2 pair of gloves
SInv    +            (no barding)
Will    .....        (no amulet)
Stlth   ++           (no ring)
HPRegen 0.29/turn    (no ring)
MPRegen 0.10/turn

%: no passive effects
@: short of breath, very slow
A: AC +2, large, see invisible, deformed body, poison resistance, slowness 2,
spit poison 1, naga tail 1
a: Spit Poison


You were on level 4 of the Dungeon.
You visited 1 branch of the dungeon, and saw 4 of its levels.

You collected 130 gold pieces.


Innate Abilities, Weirdness & Mutations

Your serpentine skin is tough. (AC +2)
You have supernaturally acute eyesight. (SInv)
Armour fits poorly on your strangely shaped body.
Your system is resistant to poisons. (rPois)
You cover ground very slowly.
You can spit poison.
You have a snake-like lower body.


   Skills:
 - Level 4.2 Fighting
 + Level 6.3 Ranged Weapons
 - Level 1.5 Dodging
 - Level 1.5 Stealth


You had 5 spell levels left.
You didn't know any spells.
Your spell library was empty.

Inventory:

Hand Weapons
 Y - a +0 shortbow (weapon)
Armour
 a - the +1 ring mail "Buas" {-Tele rC+ Regen+ Dex+2}
   (You found it on level 3 of the Dungeon)

   Dex:       It affects your dexterity (+2).
   rC:        It protects you from cold.
   -Tele:     It prevents most forms of teleportation.
   Regen:     It increases your rate of health regeneration.
 c - a +0 leather armour (worn)
 i - a +2 pair of gloves (worn)
 j - a +0 cloak (worn)
Scrolls
 d - 2 scrolls of identify
Potions
 b - a potion of berserk rage {unknown}
 e - 2 potions of curing
 f - a potion of magic {unknown}
 h - a potion of mutation {unknown}

Dungeon Overview and Level Annotations

Branches:
Dungeon (4/15)
 Temple: D:4-7

Altars:
Fedhas

Annotations:
D:3 1 runed translucent door, Crazy Yiuf
D:4 Dowan, Duvessa


Message History

The goblin closely misses you. The goblin barely misses you.
The goblin hits you with a +0 dagger. The goblin hits you but does no damage.
Dowan mumbles some strange words.
Dowan blinks!
The goblin hits you but does no damage.
2844 ||| INVOKING Spit Poison.
Aiming: Spit Poison (1% risk of failure)
Press: ? - help, Shift-Dir - straight line, f/p - Duvessa The splash of poison hits Duvessa!
Duvessa is heavily wounded.
The goblin hits you but does no damage. Duvessa barely misses you.
The goblin hits you but does no damage. The goblin hits you with a +0 dagger.
Dowan gestures wildly while chanting.
Dowan blinks!
The goblin hits you with a +0 dagger. The goblin barely misses you.
You shoot an arrow. The kobold shouts!
The arrow hits Duvessa.
Duvessa is heavily wounded.
Duvessa barely misses you. The goblin closely misses you.
The goblin hits you but does no damage. x2; The goblin completely misses you.
The goblin hits you but does no damage.
You shoot an arrow. The arrow hits Duvessa.
Duvessa is heavily wounded.
Duvessa hits you but does no damage. The goblin hits you but does no damage.
The goblin closely misses you. The goblin hits you but does no damage.
The goblin hits you with a +0 dagger. The goblin misses you.
You shoot an arrow. The arrow barely misses Duvessa.
You have got your breath back.
Duvessa hits you with a +0 short sword! The goblin hits you but does no damage.
The goblin misses you. The goblin closely misses you.
The goblin hits you but does no damage. x3
Duvessa hits you with a +0 short sword. The goblin closely misses you.
The goblin barely misses you. The goblin hits you but does no damage.
2848 ||| INVOKING Spit Poison.
Aiming: Spit Poison (1% risk of failure)
Press: ? - help, Shift-Dir - straight line, f/p - Duvessa The splash of poison hits Duvessa.
Duvessa is severely wounded.
The goblin barely misses you. Duvessa hits you with a +0 short sword!
You die...

##...
##..##..##..... ....
#.............
##....
#............. #.#
.. #............# ..
#. #.........##
##K#........).#
..#.............#
.........gg.........
...###...@ge........
. #..egg.....##..
#....K..)..## .
.......>.......
.<..............
...##.....?####..
### ........
##........


You could see Duvessa, Dowan, 5 goblins and 2 kobolds.

Vanquished Creatures
  A black bear (D:4)
  A scorpion (D:4)
  Jessica (D:3)
  Ijyb (D:4)
  Natasha (D:2)
  An orc wizard (D:3)
  Robin (D:4)
  3 gnolls (D:4)
  2 adders
  A worm (D:2)
  4 dart slugs
  3 orcs (D:3)
  7 endoplasms
  3 giant cockroaches
  13 goblins
  8 hobgoblins
  4 quokkas
  3 ball pythons (D:1)
  6 bats
  2 frilled lizards (D:2)
  6 kobolds
  7 rats
79 creatures vanquished.

Notes
Turn   | Place    | Note
-------+----------+-------------------------------------------
     0 | D:1      | qw the Naga Hunter began the quest for the Orb.
     0 | D:1      | Reached XP level 1. HP: 19/19 MP: 1/1
     0 | D:1      | 0 ||| qw: Version: 0.2-a-29-g511e9b1
     0 | D:1      | 0 ||| qw: Game counter: 5609
     0 | D:1      | 0 ||| qw: Always use a shield: true
     0 | D:1      | 0 ||| qw: God list: Okawaru
     0 | D:1      | 0 ||| qw: Allow faded altars: false
     0 | D:1      | 0 ||| qw: Do Orc after D:15 true
     0 | D:1      | 0 ||| qw: Do second Lair branch before Depths: true
     0 | D:1      | 0 ||| qw: Lair rune preference: random
     0 | D:1      | 0 ||| qw: Plans: Normal
     0 | D:1      | 0 ||| PLANNING D:1-11
     8 | D:1      | 8 ||| INVOKING Spit Poison.
    30 | D:1      | 30 ||| INVOKING Spit Poison.
    67 | D:1      | 67 ||| INVOKING Spit Poison.
    71 | D:1      | Reached skill level 4 in Ranged Weapons
    71 | D:1      | Reached XP level 2. HP: 26/26 MP: 2/2
    79 | D:1      | 79 ||| INVOKING Spit Poison.
    82 | D:1      | 82 ||| INVOKING Spit Poison.
   107 | D:1      | 107 ||| INVOKING Spit Poison.
   126 | D:1      | 126 ||| INVOKING Spit Poison.
   127 | D:1      | 127 ||| INVOKING Spit Poison.
   131 | D:1      | 131 ||| INVOKING Spit Poison.
   154 | D:1      | 154 ||| INVOKING Spit Poison.
   160 | D:1      | 160 ||| INVOKING Spit Poison.
   238 | D:1      | 238 ||| INVOKING Spit Poison.
   248 | D:1      | 248 ||| INVOKING Spit Poison.
   280 | D:1      | 280 ||| INVOKING Spit Poison.
   356 | D:1      | 356 ||| INVOKING Spit Poison.
   359 | D:1      | 359 ||| INVOKING Spit Poison.
   360 | D:1      | Reached XP level 3. HP: 32/32 MP: 3/3
   429 | D:1      | 429 ||| INVOKING Spit Poison.
   434 | D:1      | 434 ||| INVOKING Spit Poison.
   458 | D:1      | 458 ||| INVOKING Spit Poison.
   596 | D:1      | 596 ||| INVOKING Spit Poison.
   601 | D:1      | 601 ||| INVOKING Spit Poison.
   793 | D:1      | 793 ||| UPGRADING to +2 pair of gloves.
   798 | D:1      | 798 ||| READING scroll labelled QILEUNOOWO.
   802 | D:1      | 802 ||| READING scroll labelled EHIEKHLUIXA.
   803 | D:1      | 803 ||| DRINKING 2 red potions.
   804 | D:1      | 804 ||| DROPPING scroll of butterflies.
   843 | D:2      | 843 ||| INVOKING Spit Poison.
   919 | D:2      | 919 ||| INVOKING Spit Poison.
   924 | D:2      | 924 ||| INVOKING Spit Poison.
   933 | D:2      | 933 ||| INVOKING Spit Poison.
   976 | D:2      | 976 ||| INVOKING Spit Poison.
  1207 | D:2      | 1207 ||| Stepping ~*~*~tactically~*~*~ (outnumbered).
  1210 | D:2      | 1210 ||| INVOKING Spit Poison.
  1214 | D:2      | Reached skill level 5 in Ranged Weapons
  1214 | D:2      | Reached XP level 4. HP: 39/39 MP: 4/4
  1266 | D:2      | 1266 ||| INVOKING Spit Poison.
  1286 | D:2      | Found a blossoming altar of Fedhas.
  1288 | D:2      | Noticed Natasha
  1292 | D:2      | 1292 ||| INVOKING Spit Poison.
  1294 | D:2      | Killed Natasha
  1391 | D:2      | 1391 ||| READING scroll labelled FESTEA WEUTU.
  1392 | D:2      | 1392 ||| READING scroll labelled XOT KASUOGRERR.
  1393 | D:2      | 1393 ||| DRINKING 2 metallic inky potions.
  1488 | D:3      | Identified the +1 ring mail "Buas" {-Tele rC+ Regen+ Dex+2}
  1594 | D:3      | 1594 ||| INVOKING Spit Poison.
  1600 | D:3      | 1600 ||| INVOKING Spit Poison.
  1604 | D:3      | Reached skill level 3 in Fighting
  1604 | D:3      | Reached XP level 5. HP: 46/49 MP: 5/5
  1642 | D:3      | 1642 ||| INVOKING Spit Poison.
  1732 | D:3      | 1732 ||| INVOKING Spit Poison.
  1778 | D:3      | 1778 ||| INVOKING Spit Poison.
  1784 | D:3      | 1784 ||| INVOKING Spit Poison.
  1879 | D:3      | Noticed Jessica
  1880 | D:3      | 1880 ||| INVOKING Spit Poison.
  1880 | D:3      | Killed Jessica
  2048 | D:3      | 2048 ||| INVOKING Spit Poison.
  2171 | D:3      | 2171 ||| INVOKING Spit Poison.
  2215 | D:3      | Found a runed translucent door.
  2216 | D:3      | Noticed Crazy Yiuf
  2357 | D:3      | 2357 ||| UPGRADING to +0 cloak.
  2362 | D:3      | 2362 ||| READING scroll labelled DALEGU RUTECH.
  2517 | D:4      | Noticed Ijyb
  2520 | D:4      | 2520 ||| INVOKING Spit Poison.
  2524 | D:4      | 2524 ||| INVOKING Spit Poison.
  2529 | D:4      | 2529 ||| INVOKING Spit Poison.
  2533 | D:4      | 2533 ||| INVOKING Spit Poison.
  2538 | D:4      | 2538 ||| INVOKING Spit Poison.
  2539 | D:4      | Killed Ijyb
  2628 | D:4      | 2628 ||| Stepping ~*~*~tactically~*~*~ (outnumbered).
  2631 | D:4      | 2631 ||| INVOKING Spit Poison.
  2634 | D:4      | 2634 ||| INVOKING Spit Poison.
  2640 | D:4      | 2640 ||| INVOKING Spit Poison.
  2647 | D:4      | 2647 ||| INVOKING Spit Poison.
  2784 | D:4      | 2784 ||| INVOKING Spit Poison.
  2785 | D:4      | Reached XP level 6. HP: 56/56 MP: 6/6
  2789 | D:4      | 2789 ||| INVOKING Spit Poison.
  2792 | D:4      | Reached skill level 6 in Ranged Weapons
  2797 | D:4      | Noticed a black bear
  2799 | D:4      | 2799 ||| INVOKING Spit Poison.
  2801 | D:4      | Killed a black bear
  2806 | D:4      | Noticed Robin
  2809 | D:4      | 2809 ||| INVOKING Spit Poison.
  2812 | D:4      | 2812 ||| INVOKING Spit Poison.
  2816 | D:4      | 2816 ||| INVOKING Spit Poison.
  2816 | D:4      | Killed Robin
  2820 | D:4      | Noticed Dowan
  2821 | D:4      | 2821 ||| INVOKING Spit Poison.
  2824 | D:4      | Noticed Duvessa
  2827 | D:4      | 2827 ||| INVOKING Spit Poison.
  2831 | D:4      | 2831 ||| INVOKING Spit Poison.
  2833 | D:4      | HP: 13/57 [goblin/+0 dagger[Robin] (2)]
  2834 | D:4      | 2834 ||| DRINKING potion of heal wounds.
  2836 | D:4      | 2836 ||| INVOKING Spit Poison.
  2839 | D:4      | 2839 ||| INVOKING Spit Poison.
  2844 | D:4      | 2844 ||| INVOKING Spit Poison.
  2846 | D:4      | HP: 14/57 [goblin/+0 dagger[Robin] (2)]
  2847 | D:4      | HP: 6/57 [Duvessa/+0 short sword (9)]
  2847 | D:4      | HP: 1/57 [Duvessa/+0 short sword (5)]
  2848 | D:4      | 2848 ||| INVOKING Spit Poison.
  2848 | D:4      | Mangled by Duvessa

Levels and vault maps discovered:
D:1:      mushboom_english_gardens, layout_basic
D:2:      layout_basic, basic_altar, uniq_natasha
D:3:      layout_basic, uniq_jessica, uniq_crazy_yiuf_cottage
D:4:      layout_cave_pools, led_sif_pool, mainiacjoe_overflow_surrounded_room,
          nrook_loot_triangle, uniq_robin, uniq_ijyb, uniq_menkaure,
          uniq_duvessa

Skill      XL: |  1  2  3  4  5  6 |
---------------+-------------------+-----
Ranged Weapons | 4 5 6 |  6.3
Fighting       | 3 4 |  4.2
Dodging        | |  1.5
Stealth        | |  1.5

Action                     |  1- 3 |  4- 6 || total
---------------------------+-------+-------++-------
   Fire: Shortbow          |    63 |   103 ||   166
Ability: Spit Poison       |    26 |    33 ||    59
    Use: Scroll            |     2 |     3 ||     5
         Potion            |     1 |     2 ||     3
 Armour: Leather armour    |     3 |    83 ||    86
  Dodge: Dodged            |     5 |    65 ||    70

Table legend:
 A = Non-vault XP
 B = Vault XP
 C = Vault XP percentage of total XP
 D = Non-vault monster count
 E = Vault monster count
 F = Vault count percentage of total count
                 A         B        C        D         E       F
            +---------+---------+-------+---------+---------+-------
      Total |     434 |     135 |  23.7 |      68 |      11 |  13.9
            +---------+---------+-------+---------+---------+-------
        D:1 |      53 |       0 |   0.0 |      29 |       0 |   0.0
        D:2 |      41 |      35 |  46.1 |      19 |       1 |   5.0
        D:3 |      71 |      37 |  34.3 |      12 |       1 |   7.7
        D:4 |     269 |      63 |  19.0 |       8 |       9 |  52.9
            +---------+---------+-------+---------+---------+-------
